 Dungeon Sprint DCSS version 0.28-a0-883-gc8d7bad45d (webtiles) character file.

Game seed: 362816127361791690

151 mhtbhm the Thrower (level 5, 0/46 HPs)
             Began as a Minotaur Hunter on Nov 22, 2021.
             Was an Initiate of Gozag.
             Slain by a komodo dragon (26 damage)
             ... in the Dungeon (Sprint IX: "|||||||||||||||||||||||||||||").
             The game lasted 00:00:47 (342 turns).

mhtbhm the Thrower (Minotaur Hunter)                 Turns: 342, Time: 00:00:48

Health: 0/46       AC:  9    Str: 18    XL:     5   Next: 11%
Magic:  4/4        EV: 12    Int: 11    God:    Gozag
Gold:   0          SH:  0    Dex: 13    Spells: 4/4 levels left

rFire   . . .      SeeInvis .   a - +2 rapier (holy)
rCold   . . .      Faith    .   (no shield)
rNeg    . . .      Spirit   .   b - +2 ring mail
rPois   .          Reflect  .   (helmet restricted)
rElec   .          Harm     .   (no cloak)
rCorr   .          Rampage  .   m - +0 pair of gloves
Will    .....      NoTele   +   n - +0 pair of boots
Stlth   +.........              (no amulet)
HPRegen 0.15/turn               o - +3 ring of dexterity
MPRegen 0.09/turn               p - +3 ring of intelligence

@: invisible
A: horns 2, retaliatory headbutt
a: Renounce Religion, Potion Petition, Call Merchant, Bribe Branch


You were in the Dungeon.
You worshipped Gozag.
Gozag was noncommittal.
You visited 1 branch

Inventory:

Hand Weapons
 a - a +2 rapier of holy wrath (weapon)
Missiles
 c - 6 javelins (quivered)
 d - 2 throwing nets
Armour
 b - a +2 ring mail (worn)
 m - a +0 pair of gloves (worn)
 n - a +0 pair of boots (worn)
Jewellery
 o - a +3 ring of dexterity (left hand)
 p - a +3 ring of intelligence (right hand)
Wands
 l - a wand of acid (10)
Scrolls
 j - 2 scrolls of blinking
 k - 2 scrolls of amnesia
Potions
 e - 5 potions of curing
 g - a potion of haste
 h - 4 potions of magic


   Skills:
 + Level 4.3 Fighting
 + Level 2.2 Short Blades
 + Level 9.7 Throwing
 + Level 2.0 Armour
 + Level 3.8 Dodging
 + Level 1.0 Stealth


You had 4 spell levels left.
You didn't know any spells.
Your spell library was empty.

Dungeon Overview and Level Annotations

Branches:
Dungeon (1/1)

Altars:
Cheibriados
Dithmenos
Elyvilon
Fedhas
Gozag
Hepliaklqana
Kikubaaqudgha
Makhleb
Nemelex Xobeh
Okawaru
Qazlal
Ru
Sif Muna
Trog
Uskayaw
Vehumet
Wu Jian
Xom
Yredelemnul
Zin
The Shining One
Beogh
Jiyva
Lugonu


Innate Abilities, Weirdness & Mutations

You have a pair of horns on your head.
You reflexively headbutt those who attack you in melee.


Message History

Unknown command.
You feel much better. The komodo dragon bites you!!
Ouch! That really hurt!
* * * LOW HITPOINT WARNING * * *
You feel much better. The komodo dragon barely misses you.
You furiously retaliate!
You headbutt the komodo dragon.
Okay, then.
You fade into invisibility!
The komodo dragon bites you!!
Ouch! That really hurt!
* * * LOW HITPOINT WARNING * * *
Unknown command.
You feel much better. The komodo dragon barely misses you.
Okay, then.
You hit the komodo dragon. Your headbutt misses the komodo dragon.
The komodo dragon is lightly wounded.
The komodo dragon completely misses you.
You furiously retaliate!
You headbutt the komodo dragon.
You catch the helpless komodo dragon completely off-guard!
You puncture the komodo dragon!
The komodo dragon is moderately wounded.
The komodo dragon hisses menacingly.
The komodo dragon closely misses you.
You hit the komodo dragon but do no damage.
You headbutt the komodo dragon, but do no damage.
The komodo dragon is moderately wounded.
The komodo dragon closely misses you.
You hit the komodo dragon. You headbutt the komodo dragon.
The komodo dragon is severely wounded.
The komodo dragon bites you!
You hit the komodo dragon.
The komodo dragon is severely wounded.
The komodo dragon misses you. You furiously retaliate!
You headbutt the komodo dragon, but do no damage.
You hit the komodo dragon.
The komodo dragon is almost dead.
The komodo dragon bites you!!
Ouch! That really hurt!
You die...
Your body crumbles into a pile of gold. ▓▓▓▓▓▓▓▓▓▓▓▓▓▓▓▓▓▓▓▓▓▓▓▓ ______'..)..[...@lygKc.+ ▓▓▓▓▓▓▓▓▓▓▓▓▓▓▓▓▓▓▓▓▓▓▓▓ $ $ $$$$$ $$$$$ $ $ $ $$$$$

You could see a komodo dragon, a vampire mosquito, a kobold brigand, a centaur and a gnoll shaman.

Vanquished Creatures
  An ice beast (D)
  A wight (D)
  A shadow imp (D)
  An orc (D)
  A hobgoblin (D)
  A jackal (D)
  A quokka (D)
  A frilled lizard (D)
  A jackal skeleton (D)
  2 rats (D)
11 creatures vanquished.

Notes
Turn   | Place    | Note
-------+----------+-------------------------------------------
     0 | D        | mhtbhm the Minotaur Hunter began the quest for the Orb.
     0 | D        | Reached XP level 1. HP: 18/18 MP: 0/0
    11 | D        | Reached skill level 5 in Throwing
   117 | D        | Noticed an ice beast
   124 | D        | Reached skill level 6 in Throwing
   124 | D        | Reached XP level 2. HP: 25/25 MP: 1/1
   132 | D        | Killed an ice beast
   133 | D        | Reached skill level 1 in Short Blades
   133 | D        | Reached skill level 9 in Throwing
   133 | D        | Reached skill level 1 in Armour
   133 | D        | Reached skill level 1 in Stealth
   133 | D        | Reached XP level 3. HP: 28/33 MP: 2/2
   133 | D        | Reached XP level 4. HP: 35/40 MP: 3/3
   252 | D        | Found a snail-covered altar of Cheibriados.
   252 | D        | Found a shadowy altar of Dithmenos.
   252 | D        | Found a white marble altar of Elyvilon.
   252 | D        | Found a blossoming altar of Fedhas.
   252 | D        | Found an opulent altar of Gozag.
   253 | D        | Found a hazy altar of Hepliaklqana.
   254 | D        | Found a viscous altar of Jiyva.
   255 | D        | Found an ancient bone altar of Kikubaaqudgha.
   256 | D        | Found a corrupted altar of Lugonu.
   257 | D        | Found a burning altar of Makhleb.
   258 | D        | Found a sparkling altar of Nemelex Xobeh.
   259 | D        | Found an iron altar of Okawaru.
   260 | D        | Found a stormy altar of Qazlal.
   261 | D        | Found a sacrificial altar of Ru.
   264 | D        | Became a worshipper of Gozag Ym Sagoz the Greedy
   267 | D        | Found a shimmering blue altar of Sif Muna.
   268 | D        | Found a bloodstained altar of Trog.
   269 | D        | Found a hide-covered altar of Uskayaw.
   270 | D        | Found a radiant altar of Vehumet.
   271 | D        | Found an ornate altar of the Wu Jian Council.
   272 | D        | Found a shimmering altar of Xom.
   273 | D        | Found a basalt altar of Yredelemnul.
   274 | D        | Found a glowing silver altar of Zin.
   275 | D        | Found a glowing golden altar of the Shining One.
   328 | D        | Noticed a komodo dragon
   328 | D        | Noticed a vampire mosquito
   328 | D        | Noticed a kobold brigand
   328 | D        | Noticed a centaur
   333 | D        | Reached XP level 5. HP: 16/46 MP: 4/4
   342 | D        | Slain by a komodo dragon

Illustrated notes

Levels and vault maps discovered:
D:        linesprint [early_d, line_temple, items_1, d_10, items_2, lair_1,
          lair_end, items_3, orc_1, orc_end, items_4, d_15, swamp_1, shoals_1,
          snake_1, spider_1, d_20, vaults_1, items_5, swamp_end, shoals_end,
          snake_end, spider_end, vaults_end, d_27, items_6, zot_1, zot_end,
          crypt_end, forest_end, elf_end, slime_end, tomb_end, abyss_end,
          pan_hell_end]

Skill      XL: |  1  2  3  4 |
---------------+-------------+-----
Throwing       | 6 9 |  9.7
Fighting       | 4 |  4.3
Short Blades   | 1 2 |  2.2
Armour         | 1 2 |  2.0
Dodging        | 3 |  3.8
Stealth        | 1 |  1.0

Action                   |  1- 3 |  4- 6 || total
-------------------------+-------+-------++-------
Melee: Short sword       |    19 |     3 ||    22
       Headbutt          |     2 |     2 ||     4
       Rapier            |       |     9 ||     9
  Use: Potion            |     1 |     4 ||     5
 Stab: Invisible         |       |     1 ||     1
Armor: Leather armour    |     3 |     1 ||     4
Dodge: Dodged            |    11 |     9 ||    20

Table legend: (Time is in decaauts)
 A = Elapsed time spent in this place.
 B = Non-inter-level travel time spent in this place.
 C = Inter-level travel time spent in this place.
 D = Time resting spent in this place.
 E = Time spent auto-exploring this place.
 F = Levels seen in this place.
 G = Mean time per level.
                   A        B        C        D        E       F      G
               +--------+--------+--------+--------+--------+-----+--------+
         Total |    349 |    349 |      0 |    218 |      0 |   1 |  349.0 |
       Dungeon |    349 |    349 |      0 |    218 |      0 |   1 |  349.0 |
               +--------+--------+--------+--------+--------+-----+--------+

Top non-repeatable levels by time:
       D: 349 daAuts
